 Dungeon Crawl Stone Soup version 0.31-a0-986-g5e6e4ef867 (webtiles) character file.

Game seed: 17955915867897710720

47196 boiyoioing the Carver (level 14, -4/169 HPs)
             Began as a Gnoll Cinder Acolyte on Nov 12, 2023.
             Was a High Priest of Ignis.
             Succumbed to a black mamba's poison
             ... on level 5 of the Lair of Beasts on Nov 13, 2023.
             The game lasted 01:59:42 (17036 turns).

boiyoioing the Carver (Gnoll Cinder Acolyte)       Turns: 17036, Time: 01:59:43

Health: -4/169     AC: 31    Str: 16    XL:     14   Next: 40%
Magic:  3/36       EV: 10    Int: 14    God:    Ignis [*****.]
Gold:   837        SH:  0    Dex: 12    Spells: 17/32 levels left

rFire   + + .        D - +2 war axe (heavy)
rCold   x . .        k - orb {*Rage}
rNeg    . . .        A - +18 Lear's hauberk
rPois   .            (helmet currently unavailable)
rElec   .            H - +1 cloak
rCorr   .            (gloves currently unavailable)
SInv    .            (boots currently unavailable)
Will    +....        i - amulet of guardian spirit Stlth
                     q - ring of wizardry
HPRegen 0.48/turn    m - ring of Fragile Peace {Fire MP+9 Dex+2}
MPRegen 0.25/turn

%: random rage (20%), guardian spirit, wizardry (x1)
@: berserking (expiring), lethally poisoned (-4 -> -31), very quick
A: fangs 1, strong nose, distributed training, MP-powered wands
a: Renounce Religion, Fiery Armour, Foxfire Swarm, Rising Flame


You were on level 5 of the Lair of Beasts.
You worshipped Ignis.
Ignis was extremely pleased with you.
You visited 2 branches of the dungeon, and saw 15 of its levels.

You collected 1039 gold pieces.
You spent 202 gold pieces at shops.

Inventory:

Hand Weapons
 r - the +10 sling of Supply {freeze, *Slow Fly rPois Dex+3}
   (You found it on level 3 of the Dungeon)

   Dex+3:     It affects your dexterity (+3).
   rPois:     It protects you from poison Fly: It grants you flight.
   *Slow:     It may slow you when you take damage.
 D - a +2 heavy war axe (weapon)
 I - a +2 trident of draining
 O - the +6 flail of Disembowelment {drain, +Blink rF- rC++ Int+3}
   (You found it on level 10 of the Dungeon)

   Int+3:     It affects your intelligence (+3).
   rF-:       It makes you vulnerable to fire.
   rC++:      It greatly protects you from cold.
   +Blink:    It lets you blink.
 S - a +2 great sword of holy wrath
 V - the +4 glaive "Mier" {freeze, Str+2}
   (You found it on level 5 of the Lair of Beasts)

   Str+2:     It affects your strength (+2).
Missiles
 f - 3 atropa-tipped darts
 L - a curare-tipped dart
Armour
 c - a scarf of harm
 k - an orb of wrath (worn)
 z - the +3 pair of mountain boots {steadfast, rC+}
   (You found it on level 5 of the Dungeon)

   Steadfast: It prevents involuntary movement, except for blinking,
   teleportation, or banishment.
   rC+:       It protects you from cold.
 A - the +18 Lear's hauberk (worn)
   (You found it on level 8 of the Dungeon)
 C - the +7 chain mail of Fashionability {Int+4}
   (You found it on level 7 of the Dungeon)

   Int+4:     It affects your intelligence (+4).
 H - a +1 cloak (worn)
 J - an orb of guile
 P - a +0 hat of willpower
 W - a +1 troll leather armour {Snorg}
Jewellery
 b - a ring of ice
 i - an amulet of guardian spirit (around neck)
 m - the ring of Fragile Peace (right hand) {Fire MP+9 Dex+2}
   (You acquired it on level 4 of the Dungeon)

   [ring of fire]

   Fire:      It enhances your fire magic.
   Dex+2:     It affects your dexterity (+2).
   rF+:       It protects you from fire.
   rC-:       It makes you vulnerable to cold.
   MP+9:      It affects your magic capacity (+9).
 q - a ring of wizardry (left hand)
 v - a ring of protection from fire
 w - a ring of protection from cold
 x - a ring of protection from cold
 F - a ring of positive energy
Wands
 t - a wand of mindburst (10)
 K - a wand of polymorph (4)
Scrolls
 a - 3 scrolls of identify
 h - 2 scrolls of blinking
 l - 3 scrolls of revelation
 p - 4 scrolls of fear
 s - 3 scrolls of summoning
 y - a scroll of fog
 E - a scroll of vulnerability
 M - a scroll of amnesia
 R - 2 scrolls of poison
 T - a scroll of immolation
 U - a scroll of teleportation
Potions
 d - 4 potions of enlightenment
 e - 2 potions of degeneration
 g - 4 potions of might
 j - 9 potions of curing
 n - 2 potions of lignification
 o - a potion of attraction
 u - 7 potions of brilliance
 B - a potion of heal wounds (quivered)
 G - a potion of cancellation
 N - a potion of haste
 Q - 2 potions of berserk rage


   Skills:
 + Level 11.4 Fighting
 + Level 9.3 Short Blades
 + Level 11.4 Long Blades
 + Level 9.3 Axes
 + Level 9.3 Maces & Flails
 + Level 9.3 Polearms
 + Level 9.3 Staves
 + Level 9.3 Ranged Weapons
 + Level 9.3 Throwing
 + Level 9.3 Armour
 + Level 9.3 Dodging
 + Level 9.3 Stealth
 + Level 9.3 Shields
 + Level 9.3 Unarmed Combat
 + Level 9.8 Spellcasting
 + Level 7.8 Conjurations
 + Level 7.8 Hexes
 + Level 7.8 Summonings
 + Level 7.8 Necromancy
 + Level 7.8 Translocations
 + Level 7.8 Transmutations
 + Level 9.6 Fire Magic
 + Level 7.8 Ice Magic
 + Level 7.8 Air Magic
 + Level 7.8 Earth Magic
 + Level 7.8 Poison Magic
 + Level 10.2 Invocations
 + Level 9.3 Evocations
 + Level 8.5 Shapeshifting


You had 17 spell levels left.
You knew the following spells:

 Your Spells              Type           Power      Damage    Failure   Level
a - Scorch                Fire           100%       2d9       1%          2
b - Inner Flame           Hex/Fire       47%        N/A       3%          3
c - Flame Wave            Conj/Fire      47%        2d12      10%         4
d - Summon Guardian Gole  Hex/Summ       28%        N/A       4%          3
e - Teleport Other        Tloc           28%        N/A       4%          3

Your spell library contained the following spells:

 Spells                   Type           Power      Damage    Failure   Level
 Magic Dart               Conj           100%       1d8       1%          1
 Call Imp                 Summ           56%        N/A       2%          2
 Cigotuvi's Dreadful Rot  Necr/Pois/Air  56%        N/A       2%          2
 Lesser Beckoning         Tloc           56%        N/A       2%          2
 Call Canine Familiar     Summ           28%        N/A       4%          3
 Dazzling Flash           Conj/Hex       56%        N/A       4%          3
 Gell's Gravitas          Tloc           28%        N/A       4%          3
 Mephitic Cloud           Conj/Pois/Air  28%        N/A       4%          3
 Ozocubu's Armour         Ice            28%        N/A       4%          3
 Sigil of Binding         Hex            28%        N/A       4%          3
 Sticky Flame             Conj/Fire      47%        2d6       10%         4
 Dimensional Bullseye     Hex/Tloc       14%        N/A       14%         4
 Dispel Undead            Necr           28%        3d13      14%         4
 Leda's Liquefaction      Hex/Erth       14%        N/A       14%         4
 Agony                    Necr           28%        N/A       36%         5
 Metabolic Englaciation   Hex/Ice        14%        N/A       36%         5
 Silence                  Hex/Air        14%        N/A       36%         5
 Death Channel            Necr           14%        N/A       89%         6
 Dispersal                Tloc           14%        N/A       89%         6
 Simulacrum               Ice/Necr       14%        N/A       89%         6
 Orb of Destruction       Conj           14%        9d7       100%        7
 Ozocubu's Refrigeration  Ice            14%        4d10      100%        7
 Spellforged Servitor     Conj/Summ      14%        N/A       100%        7


Dungeon Overview and Level Annotations

Branches:
Dungeon (10/15)            Temple (0/1) D:4            Lair (5/5) D:10
  Swamp (0/4) Lair:2       Spider (0/4) Lair:2        Slime (0/5) Lair:5
    Orc: D:9-12

Altars:
Ashenzari
Elyvilon
Kikubaaqudgha
Makhleb
Qazlal
Ru
Sif Muna
Uskayaw
Vehumet
Xom
The Shining One
Jiyva

Shops:
D:1 [   D:7 [

Annotations:
D:3 2 transporters, gelatine's ghost, weakling DsFi
Lair:3 2 runed translucent doors, ShellytheWitch's ghost, journeyman KoBr


Innate Abilities, Weirdness & Mutations

You have very sharp teeth.
Your uncanny sense of smell can sniff out nearby items.
Your experience applies equally to all skills.
You expend magic power (3 MP) to strengthen your wands.


Message History

The dire elephant misses you. The black mamba bites you.
You are poisoned.
The black mamba poisons you!
You slice the dire elephant!!
The dire elephant is heavily wounded.
You barely miss the black mamba.
You feel very sick. The black mamba completely misses you.
The dire elephant tramples you!
* * * LOW HITPOINT WARNING * * *
You stumble backwards!
You slash the dire elephant!
The dire elephant is heavily wounded.
You miss the black mamba.
You feel very sick. The black mamba bites you.
* * * LOW HITPOINT WARNING * * *
You are more poisoned.
The black mamba poisons you! The dire elephant tramples you!
* * * LOW HITPOINT WARNING * * *
You hold your ground!
The dire elephant trunk-slaps you but does no damage.
The black mamba closely misses you.
You closely miss the black mamba. Your bite misses the black mamba.
You hit the dire elephant.
* * * LOW HITPOINT WARNING * * *
You feel extremely sick. The black mamba closely misses you.
The dire elephant tramples you but does no damage.
The dire elephant barely misses you.
The black mamba bites you but does no damage.
The dire elephant tramples you!!
* * * LOW HITPOINT WARNING * * *
You hold your ground!
The dire elephant trunk-slaps you!
* * * LOW HITPOINT WARNING * * *
Unknown command.
You are too berserk!
You hit the dire elephant.
The dire elephant is heavily wounded.
You barely miss the black mamba.
You die...

...... #
######.†......##P.
......
##.#P.#.#####.###.#..
...... .......#
##..##..... .....P
#..#F#...# #..........
......
....Y....#####........
...... F...#......#
#........ ...... k ∆
#.Y....# ##.......
...... ∆∆∆#####..##
###..... . ∆
#@YF....###....... .
#.S.#..P##..†..... .
#####...#...##........ .
##...#.###..##.........
##....#†.....####..#.#.#
#......†....## ##.###..
....# #....#.......#
######.. ###....#
#P.....#...### ##..#.P..
.......###..#####P.##
##........


You could see a dire elephant, a black mamba and a cane toad.

Vanquished Creatures
  Rupert (Lair:4)
  Gastronok (Lair:1)
  Snorg (Lair:5)
  2 hydras
  2 catoblepae
  3 centaur warriors (D:10)
  2 two-headed ogres (D:10)
  3 death yaks (Lair:5)
  A bog body (Lair:2)
  A lindwurm (Lair:5)
  2 cyclopes (D:10)
  An ugly thing (D:10)
  18 elephants
  6 black mambas
  3 rime drakes
  8 cane toads
  4 komodo dragons
  Jeremiah (D:7)
  2 ice devils (Lair:2)
  A hornet (D:10)
  2 trolls
  2 dream sheep (Lair:5)
  6 blink frogs (Lair:1)
  72 yaks
  3 shadows
  A wraith (D:10)
  8 wyverns
  2 steam dragons
  6 basilisks
  16 water moccasins
  2 orc warriors
  2 ice beasts
  An ogre (D:5)
  14 wolves
  A centaur (D:6)
  2 phantoms
  A kobold brigand (D:9)
  12 bullfrogs
  A gnoll sergeant (D:9)
  8 scorpions
  8 wights
  6 howler monkeys
  An electric eel (Lair:3)
  6 hounds
  8 orc priests
  13 jellies
  4 iguanas
  A sleepcap (D:4)
  2 hell rats (Lair:5)
  10 orc wizards
  10 gnolls
  An adder (D:6)
  A shadow imp (D:6)
  3 worms
  A dart slug (D:2)
  36 orcs
  5 ball pythons
  10 endoplasms
  9 giant cockroaches
  6 goblins
  5 hobgoblins
  8 jackals
  4 quokkas
  7 bats
  3 frilled lizards
  10 kobolds
  A rat (D:1)
404 creatures vanquished.

Notes
Turn   | Place    | Note
-------+----------+-------------------------------------------
     0 | D:1      | boiyoioing the Gnoll Cinder Acolyte began the quest for the
                  | Orb.
     0 | D:1      | Reached XP level 1. HP: 23/23 MP: 4/4
   177 | D:1      | Reached XP level 2. HP: 6/29 MP: 5/5
   398 | D:1      | Learned a level 2 spell: Scorch
   462 | D:1      | Found Misar's Antique Armour Emporium.
   736 | D:1      | Reached XP level 3. HP: 35/35 MP: 7/7
   760 | D:1      | Learned a level 3 spell: Inner Flame
  1372 | D:2      | Reached skill level 1 in Invocations
  1593 | D:3      | Identified the +10 sling of Supply {freeze, *Slow Fly rPois
                  | Dex+3}
  1835 | D:3      | Found a transporter.
  1839 | D:3      | Noticed gelatine's ghost (weakling DsFi)
  1840 | D:3      | Found a transporter.
  1930 | D:3      | Reached skill level 1 in Short Blades
  1930 | D:3      | Reached skill level 1 in Axes
  1930 | D:3      | Reached skill level 1 in Maces & Flails
  1930 | D:3      | Reached skill level 1 in Polearms
  1930 | D:3      | Reached skill level 1 in Staves
  1930 | D:3      | Reached skill level 1 in Ranged Weapons
  1930 | D:3      | Reached skill level 1 in Throwing
  1930 | D:3      | Reached skill level 1 in Armour
  1930 | D:3      | Reached skill level 1 in Dodging
  1930 | D:3      | Reached skill level 1 in Stealth
  1930 | D:3      | Reached skill level 1 in Shields
  1930 | D:3      | Reached skill level 1 in Unarmed Combat
  1930 | D:3      | Reached skill level 1 in Evocations
  1930 | D:3      | Reached skill level 1 in Shapeshifting
  1930 | D:3      | Reached XP level 4. HP: 15/41 MP: 3/8
  2046 | D:3      | Reached skill level 1 in Conjurations
  2046 | D:3      | Reached skill level 1 in Hexes
  2046 | D:3      | Reached skill level 1 in Summonings
  2046 | D:3      | Reached skill level 1 in Necromancy
  2046 | D:3      | Reached skill level 1 in Translocations
  2046 | D:3      | Reached skill level 1 in Transmutations
  2046 | D:3      | Reached skill level 1 in Ice Magic
  2046 | D:3      | Reached skill level 1 in Air Magic
  2046 | D:3      | Reached skill level 1 in Earth Magic
  2046 | D:3      | Reached skill level 1 in Poison Magic
  2291 | D:3      | Reached XP level 5. HP: 47/47 MP: 9/9
  2514 | D:3      | Found a radiant altar of Vehumet.
  2525 | D:3      | Found an ancient bone altar of Kikubaaqudgha.
  2540 | D:3      | Found a shimmering blue altar of Sif Muna.
  2742 | D:3      | Found a glowing golden altar of the Shining One.
  2808 | D:4      | Reached XP level 6. HP: 53/53 MP: 9/11
  2975 | D:4      | Found a shimmering altar of Xom.
  3119 | D:4      | Found a burning altar of Makhleb.
  3204 | D:4      | Found a white marble altar of Elyvilon.
  3319 | D:4      | Identified a scroll of acquirement
  3319 | D:4      | Acquired the ring of Fragile Peace {Fire MP+9 Dex+2}
  3471 | D:4      | Found a staircase to the Ecumenical Temple.
  3612 | D:5      | Entered Level 5 of the Dungeon
  3715 | D:5      | Noticed a water moccasin
  3720 | D:5      | Killed a water moccasin
  3721 | D:5      | Reached XP level 7. HP: 60/60 MP: 12/12
  3994 | D:5      | Found the +3 pair of mountain boots {steadfast, rC+}
  4092 | D:5      | Reached XP level 8. HP: 67/67 MP: 14/14
  4670 | D:6      | Noticed a yak
  4670 | D:6      | Noticed a yak
  4670 | D:6      | Noticed a yak
  4671 | D:6      | Noticed a yak
  4677 | D:6      | Killed a yak
  4682 | D:6      | Killed a yak
  4691 | D:6      | Killed a yak
  4696 | D:6      | Killed a yak
  4991 | D:6      | Reached XP level 9. HP: 73/73 MP: 16/16
  5084 | D:6      | Reached skill level 5 in Spellcasting
  5815 | D:7      | Learned a level 4 spell: Flame Wave
  5849 | D:7      | Learned a level 3 spell: Summon Guardian Golem
  5860 | D:7      | Identified the +7 chain mail of Fashionability {Int+4}
  5955 | D:7      | Found a stormy altar of Qazlal.
  6233 | D:7      | Found Puwaatih's Antique Armour Shop.
  6241 | D:7      | Bought a glowing cloak for 202 gold pieces
  6406 | D:7      | Noticed Jeremiah
  6414 | D:7      | Killed Jeremiah
  6415 | D:7      | Reached skill level 5 in Invocations
  6705 | D:8      | Noticed a troll
  6709 | D:8      | Reached XP level 10. HP: 59/80 MP: 14/18
  6711 | D:8      | Reached skill level 5 in Short Blades
  6711 | D:8      | Reached skill level 5 in Axes
  6711 | D:8      | Reached skill level 5 in Maces & Flails
  6711 | D:8      | Reached skill level 5 in Polearms
  6711 | D:8      | Reached skill level 5 in Staves
  6711 | D:8      | Reached skill level 5 in Ranged Weapons
  6711 | D:8      | Reached skill level 5 in Throwing
  6711 | D:8      | Reached skill level 5 in Armour
  6711 | D:8      | Reached skill level 5 in Dodging
  6711 | D:8      | Reached skill level 5 in Stealth
  6711 | D:8      | Reached skill level 5 in Shields
  6711 | D:8      | Reached skill level 5 in Unarmed Combat
  6711 | D:8      | Reached skill level 5 in Evocations
  7789 | D:8      | Found a sacrificial altar of Ru.
  7989 | D:8      | Found the +18 Lear's hauberk
  8358 | D:9      | Found a broken altar of Ashenzari.
  8711 | D:9      | Found a hide-covered altar of Uskayaw.
  9216 | D:10     | Entered Level 10 of the Dungeon
  9224 | D:10     | Noticed a two-headed ogre
  9226 | D:10     | Reached skill level 5 in Shapeshifting
  9257 | D:10     | Found a staircase to the Lair.
  9284 | D:10     | Reached XP level 11. HP: 30/87 MP: 17/20
  9364 | D:10     | Reached skill level 5 in Conjurations
  9364 | D:10     | Reached skill level 5 in Hexes
  9364 | D:10     | Reached skill level 5 in Summonings
  9364 | D:10     | Reached skill level 5 in Necromancy
  9364 | D:10     | Reached skill level 5 in Translocations
  9364 | D:10     | Reached skill level 5 in Transmutations
  9364 | D:10     | Reached skill level 5 in Ice Magic
  9364 | D:10     | Reached skill level 5 in Air Magic
  9364 | D:10     | Reached skill level 5 in Earth Magic
  9364 | D:10     | Reached skill level 5 in Poison Magic
  9371 | D:10     | Killed a two-headed ogre
  9534 | D:10     | Noticed a centaur warrior
  9543 | D:10     | Killed a centaur warrior
  9548 | D:10     | Noticed a centaur warrior
  9562 | D:10     | Killed a centaur warrior
  9769 | D:10     | Noticed a white ugly thing
  9834 | D:10     | Killed a white ugly thing
  9863 | D:10     | Noticed a centaur warrior
  9874 | D:10     | Killed a centaur warrior
 10013 | D:10     | Noticed a two-headed ogre
 10023 | D:10     | Killed a two-headed ogre
 10175 | D:10     | Noticed a cyclops
 10175 | D:10     | Noticed a cyclops
 10244 | D:10     | Killed a cyclops
 10484 | D:10     | Identified the +6 flail of Disembowelment {drain, +Blink
                  | rF- rC++ Int+3}
 10513 | D:10     | Killed a cyclops
 10606 | D:13     | Identified the "Girchiro"
 10606 | Lair:1   | Entered Level 1 of the Lair of Beasts
 10617 | Lair:1   | Reached XP level 12. HP: 97/97 MP: 23/23
 10691 | Lair:1   | Noticed Gastronok
 10701 | Lair:1   | Killed Gastronok
 10773 | Lair:1   | Gained mutation: You expend magic power (3 MP) to
                  | strengthen your wands. [potion of mutation]
 11280 | Lair:1   | Reached skill level 10 in Fighting
 11280 | Lair:1   | Reached skill level 10 in Long Blades
 12036 | Lair:2   | Found a staircase to the Swamp.
 12043 | Lair:2   | Found a hole to the Spider Nest.
 12579 | Lair:2   | Reached XP level 13. HP: 104/104 MP: 25/25
 12918 | Lair:3   | Found a large runed translucent door.
 12918 | Lair:3   | Found a large runed translucent door.
 13088 | Lair:3   | Noticed ShellytheWitch's ghost (journeyman KoBr)
 14103 | Lair:4   | Learned a level 3 spell: Teleport Other
 14676 | Lair:4   | Noticed Rupert
 14687 | Lair:4   | Paralysed by Rupert for 2 turns
 14700 | Lair:4   | Killed Rupert
 15136 | Lair:5   | Entered Level 5 of the Lair of Beasts
 15518 | Lair:5   | Reached XP level 14. HP: 113/113 MP: 27/27
 15536 | Lair:5   | Noticed Snorg
 15549 | Lair:5   | Killed Snorg
 16037 | Lair:5   | Found a staircase to the Slime Pits.
 16043 | Lair:5   | Found a viscous altar of Jiyva.
 16250 | Lair:5   | Reached skill level 10 in Invocations
 16964 | Lair:5   | Identified the +4 glaive "Mier" {freeze, Str+2}
 17001 | Lair:5   | Noticed a dire elephant
 17035 | Lair:5   | HP: 8/169 [dire elephant (16)]
 17035 | Lair:5   | HP: 2/169 [dire elephant (6)]
 17036 | Lair:5   | Succumbed to a black mamba's poison

Illustrated notes

Levels and vault maps discovered:
D:1:      wander_arrival_fairy_ring, layout_loops_ring, serial_shops, shop
D:2:      layout_basic, serial_forest, infiniplex_forest_straight_2,
          infiniplex_forest_clump_small, infiniplex_forest_lined_2,
          infiniplex_forest_clump_tiny, infiniplex_forest_lined_3,
          hangedman_decor_diamond_cutter, minivault_11, minivault_25,
          minmay_pentomino_v2
D:3:      layout_loops_corners, palyth_temple_overflow_mages,
          nicolae_tso_swordbearing_angel, gammafunk_ghost_mausoleum,
          amcnicky_mini_pool_small, corexii_hall_statues_x
D:4:      minmay_evil_eye, layout_basic, mainiacjoe_overflow_six_doors_small,
          lemuel_coloured_pillars_altar, kennysheep_mini_moat,
          minmay_temple_entry_poolview, roderic_batcave, minmay_cupped
D:5:      layout_loops_ring
D:6:      layout_loops_ring, dreamdust_princess_corridor,
          nicolae_nh_ransacked_shop
D:7:      layout_loops_ring, mainiacjoe_overflow_24_doors, serial_shops,
          nicolae_shop_trees, uniq_jeremiah
D:8:      layout_gridville, general_overflow_altar,
          chequers_serial_rivers_small_b, hellmonk_guarded_unrand_lears
D:9:      layout_long_grid, nicolae_ashenzari_skybound,
          mainiacjoe_overflow_paths
D:10:     layout_cave_pools, minmay_lair_entry_grove, library_closet,
          chequers_serial_rivers_micro_a, minmay_shattered_shrine
Lair:1:   layout_regular_city, lemuel_fruit_fields, grunt_megastairs_4,
          lemuel_fruit_fields, uniq_gastronok
Lair:2:   layout_chaotic_city, skrybe_swamp_entry_bodies,
          nicolae_spider_entry_non_spiders, portal_ice_cave_demonic_guard,
          infiniplex_staircase_pool_2, serial_bayou_shore_a
Lair:3:   layout_gridlike, ebering_ghost_disaster_area, st_stairs_8,
          cheibrodos_lair_caveside_slide, chequers_serial_rivers_room_b,
          grunt_forest_small_clearing_treed
Lair:4:   layout_loops_ring, wad_woods_river_01, uniq_rupert
Lair:5:   hangedman_lair_in_review, layout_small_grid,
          minmay_slime_entry_jelly_boxes, grunt_megastairs_1, uniq_snorg

Skill      XL: |  1  2  3  4  5  6  7  8  9 10 11 12 13 14 |
---------------+-------------------------------------------+-----
Invocations    | 1 2 3 4 5 6 7 8 9 10 | 10.2
Short Blades   | 1 2 3 4 5 7 9 |  9.3
Axes           | 1 2 3 4 5 7 9 |  9.3
Maces & Flails | 1 2 3 4 5 7 9 |  9.3
Polearms       | 1 2 3 4 5 7 9 |  9.3
Staves         | 1 2 3 4 5 7 9 |  9.3
Ranged Weapons | 1 2 3 4 5 7 9 |  9.3
Throwing       | 1 2 3 4 5 7 9 |  9.3
Armour         | 1 2 3 4 5 7 9 |  9.3
Dodging        | 1 2 3 4 5 7 9 |  9.3
Stealth        | 1 2 3 4 5 7 9 |  9.3
Shields        | 1 2 3 4 5 7 9 |  9.3
Unarmed Combat | 1 2 3 4 5 7 9 |  9.3
Spellcasting   | 3 4 5 6 7 8 9 |  9.8
Evocations     | 1 2 3 4 5 7 9 |  9.3
Shapeshifting  | 1 2 3 4 5 6 7 8 |  8.5
Conjurations   | 1 2 3 4 5 6 7 |  7.8
Hexes          | 1 2 3 4 5 6 7 |  7.8
Summonings     | 1 2 3 4 5 6 7 |  7.8
Necromancy     | 1 2 3 4 5 6 7 |  7.8
Translocations | 1 2 3 4 5 6 7 |  7.8
Transmutations | 1 2 3 4 5 6 7 |  7.8
Ice Magic      | 1 2 3 4 5 6 7 |  7.8
Air Magic      | 1 2 3 4 5 6 7 |  7.8
Earth Magic    | 1 2 3 4 5 6 7 |  7.8
Poison Magic   | 1 2 3 4 5 6 7 |  7.8
Fighting       | 7 8 9 10 11 | 11.4
Long Blades    | 7 8 9 10 11 | 11.4
Fire Magic     | 6 7 8 9 |  9.6

Action                     |  1- 3 |  4- 6 |  7- 9 | 10-12 | 13-15 || total
---------------------------+-------+-------+-------+-------+-------++-------
  Melee: Falchion          |   117 |       |       |       |       ||   117
         Bite              |    13 |       |     1 |    37 |    74 ||   125
         War axe           |       |       |    40 |   229 |   413 ||   682
   Fire: Sling             |    11 |    85 |   104 |   220 |     2 ||   422
  Throw: Dart              |       |       |       |     3 |       ||     3
         Throwing net      |       |       |       |       |     1 ||     1
   Cast: Scorch            |       |     6 |    33 |       |     9 ||    48
    Use: Scroll            |       |    10 |     9 |    15 |     4 ||    38
         Potion            |       |       |       |     4 |     2 ||     6
   Stab: Distracted        |       |       |       |       |     1 ||     1
 Armour: Robe              |    72 |    20 |     6 |       |       ||    98
         Leather armour    |       |       |    40 |       |       ||    40
         Chain mail        |       |       |    42 |   737 |   999 ||  1778
         Ring mail         |       |       |    13 |       |       ||    13
  Dodge: Dodged            |    86 |    24 |    62 |   301 |   454 ||   927

Table legend: (Time is in decaauts)
 A = Elapsed time spent in this place.
 B = Non-inter-level travel time spent in this place.
 C = Inter-level travel time spent in this place.
 D = Time resting spent in this place.
 E = Time spent auto-exploring this place.
 F = Levels seen in this place.
 G = Mean time per level.
                   A        B        C        D        E       F      G
               +--------+--------+--------+--------+--------+-----+--------+
         Total |  18187 |   7672 |  10515 |   4406 |     82 |  15 | 1212.5 |
       Dungeon |  11097 |   3769 |   7328 |   2016 |     82 |  10 | 1109.7 |
          Lair |   7090 |   3903 |   3187 |   2389 |      0 |   5 | 1418.0 |
               +--------+--------+--------+--------+--------+-----+--------+

Top non-repeatable levels by time:
  Lair:5: 2079 daAuts
     D:8: 1640 daAuts
    D:10: 1557 daAuts
  Lair:4: 1376 daAuts
  Lair:3: 1346 daAuts
  Lair:2: 1267 daAuts
     D:3: 1223 daAuts
     D:9: 1089 daAuts
     D:6: 1085 daAuts
     D:7: 1072 daAuts
  Lair:1: 1019 daAuts
     D:5: 996 daAuts
     D:1: 893 daAuts
     D:4: 837 daAuts
     D:2: 702 daAuts
